 Dungeon Crawl Stone Soup version 0.23.0 (webtiles) character file.

Game seed: 5365957546505797647

46811 Infinimo the Bludgeoner (level 14, -7/130 HPs)
             Began as a Minotaur Berserker on Feb 12, 2019.
             Was the Champion of Trog.
             Mangled by a spriggan rider
             ... wielding the cursed +3 spear of Hell's Wrath {vamp, Stlth+}
              (22 damage)
             ... on level 5 of the Lair of Beasts.
             The game lasted 00:24:05 (18674 turns).

Infinimo the Bludgeoner (Minotaur Berserker)       Turns: 18674, Time: 00:24:06

Health: -7/130     AC: 29    Str: 32    XL:     14   Next: 6%
Magic:  13/13      EV:  9    Int: 11    God:    Trog [******]
Gold:   356        SH:  5    Dex:  4    Spells: 13/13 levels left

rFire    + . .     SeeInvis +   B - +4 morningstar (protect)
rCold    + + .     Gourm    .   z - +0 buckler "Okkeam" {rCorr Dex-5 SInv}
rNeg     . . .     Faith    .   y - +3 chain mail
rPois    .         Spirit   .   (helmet restricted)
rElec    +         Reflect  .   v - +1 cloak "Hinkosal" {rElec rC++ Int+5}
rCorr    +         Harm     .   w - +2 pair of gloves
MR       +....                  (no boots)
Stlth    ..........             (no amulet)
HPRegen  0.31/turn              f - ring of Xadov {rCorr rElec rF+ Str+6}
MPRegen  0.13/turn              q - ring of resist corrosion

@: protection aura, berserk cooldown, slowed, very slow
A: retaliatory headbutt, horns 2
a: Berserk, Trog's Hand, Brothers in Arms, Renounce Religion


You were on level 5 of the Lair of Beasts.
You worshipped Trog.
Trog was exalted by your worship.
You were not hungry.

You visited 2 branches of the dungeon, and saw 17 of its levels.

You collected 1052 gold pieces.
You spent 696 gold pieces at shops.

Inventory:

Hand Weapons
 B - a +4 morningstar of protection (weapon)
Armour
 v - the +1 cloak "Hinkosal" (worn) {rElec rC++ Int+5}
   (You found it on level 4 of the Dungeon)

   It affects your intelligence (+5).
   It greatly protects you from cold.
   It insulates you from electricity.
 w - a +2 pair of gloves (worn)
 y - a +3 chain mail (worn)
 z - the +0 buckler "Okkeam" (worn) {rCorr Dex-5 SInv}
   (You found it on level 7 of the Dungeon)

   It affects your dexterity (-5).
   It lets you see invisible.
   It provides partial protection from all sources of acid and corrosion.
Jewellery
 f - the ring of Xadov (left hand) {rCorr rElec rF+ Str+6}
   (You bought it in a shop on level 13 of the Dungeon)

   [ring of resist corrosion]

   It affects your strength (+6).
   It protects you from fire.
   It insulates you from electricity.
 q - a ring of resist corrosion (right hand)
 C - an uncursed amulet of guardian spirit {unknown}
 E - a +6 ring of dexterity
Wands
 u - a wand of acid (11)
Scrolls
 b - 4 scrolls of identify
 h - 6 scrolls of remove curse
 k - 4 scrolls of fear
 t - 5 scrolls of amnesia
 x - 3 scrolls of magic mapping
 D - 2 scrolls of immolation
 F - 3 scrolls of fog
 G - 2 scrolls of teleportation
Potions
 a - a potion of cancellation
 d - 3 potions of flight
 e - a potion of magic
 g - 4 potions of resistance
 i - 2 potions of agility
 j - 3 potions of degeneration
 l - 5 potions of brilliance
 m - 2 potions of curing
 n - a potion of invisibility
 o - 3 potions of haste
 p - 3 potions of lignification
 r - a potion of ambrosia
 s - 3 potions of heal wounds
 A - 2 potions of might
Comestibles
 c - 26 rations


   Skills:
 + Level 13.7 Fighting
 * Level 18.2 Maces & Flails
 + Level 13.5 Armour
 - Level 2.1 Dodging
 + Level 11.3 Shields


You had 13 spell levels left.
You didn't know any spells.
Your spell library was empty.

Dungeon Overview and Level Annotations

Branches:
Dungeon (13/15)            Temple (0/1) D:7            Lair (5/6) D:10
 Shoals (0/4) Lair:3       Spider (0/4) Lair:2          Orc (0/2) D:10
  Slime: Lair:5-6    Vaults: D:13-14

Altars:
Fedhas
Kikubaaqudgha
Trog
The Shining One
Beogh

Shops:
D:6 (   D:10 (   D:13 =

Annotations:
Lair:5 1 transporter


Innate Abilities, Weirdness & Mutations

You reflexively headbutt those who attack you in melee.
You have a pair of horns on your head.


Message History

The spriggan rider hits you with the cursed +3 spear of Hell's Wrath {vamp, Stlth+}!
* * * LOW HITPOINT WARNING * * *
The spriggan rider draws strength from your wounds!
You see here the cursed +0 lajatang of the Blowfly {venom, Dex+4}.
You feel a strong urge to attack something.
You are no longer berserk.
You are exhausted.
You feel yourself slow down.
The spriggan rider hits you with the cursed +3 spear of Hell's Wrath {vamp, Stlth+}!
* * * LOW HITPOINT WARNING * * *
As you read the scroll of fear, it crumbles to dust.
You assume a fearsome visage.
The spriggan rider easily resists.
Okay, then.
You feel much better.
The spriggan rider hits you with the cursed +3 spear of Hell's Wrath {vamp, Stlth+}!
* * * LOW HITPOINT WARNING * * *
The spriggan rider draws strength from your wounds!
You hear a shout!
The spriggan rider hits you with the cursed +3 spear of Hell's Wrath {vamp, Stlth+}!!
You die...

##......#.###
######.##........###
..........#####....##
........###...###...##
.......###......##...#
.......#..###....#..##
......##.##≈#....##..##
.....[#...#.$.....#...#
P....©#©y..:§...@©#©..##
.##...#..##.§.≈##i#....#
###.#.##.#§#.###)##...##
#####..#####...i##...#.#
.###.#.## #...yy##...###
...##...###...###.....#
...P#P#...#####.......#
...#####.............##
...#####..PP.........#


You could see a spriggan rider (berserk).

Vanquished Creatures
  The ghost of Mumum the Arsonist, a journeyman DrFE of Vehumet (Lair:5)
  Fannar (D:12)
  6 vault guards (D:13)
  4 hydras
  2 two-headed ogres
  5 death yaks
  A queen ant (Lair:2)
  A deep troll earth mage (D:13)
  A spriggan berserker (Lair:5)
  A fire crab (Lair:5)
  An unseen horror (D:10)
  A phantasmal warrior (D:13)
  2 ugly things
  4 elephants (Lair:2)
  A manticore (D:11)
  8 spiny frogs
  A torpor snail (Lair:5)
  4 black mambas
  2 rime drakes
  4 komodo dragons
  A polar bear (Lair:4)
  3 jumping spiders (Lair:2)
  6 trolls
  Grinder (D:3)
  2 dream sheep (D:10)
  3 hornets
  A hornet (shapeshifter) (D:13)
  2 hippogriffs
  A redback (Lair:2)
  3 spriggans (Lair:5)
  4 wyverns
  37 yaks
  3 basilisks
  A hungry ghost (D:13)
  A wraith (D:11)
  A fire elemental (D:13)
  Menkaure (D:5)
  Edmund (D:6)
  7 porcupines
  13 soldier ants
  4 water moccasins
  Duvessa (D:4)
  3 ice beasts
  7 orc warriors
  2 sky beasts (D:5)
  4 phantoms
  A black bear (D:12)
  2 necrophages
  An eye of draining (D:11)
  7 ogres
  7 crocodiles
  7 wolves
  2 centaurs
  4 big kobolds
  15 bullfrogs
  A gnoll sergeant (D:4)
  A scorpion (D:6)
  Dowan (D:4)
  A water moccasin zombie (D:7)
  9 killer bees (D:13)
  2 electric eels (D:10)
  4 crimson imps
  A bullfrog zombie (D:13)
  A quasit (D:7)
  5 gnoll shamans (D:4)
  7 orc priests
  A jelly (D:13)
  8 hounds
  16 orc wizards
  Crazy Yiuf (D:4)
  A bullfrog skeleton (D:7)
  41 worker ants
  A killer bee zombie (D:5)
  A hound skeleton (D:11)
  2 worker ant zombies
  Robin (D:4)
  5 adders
  32 gnolls (D:4)
  A howler monkey skeleton (D:4)
  2 shadow imps
  An ooze (D:2)
  An adder zombie (D:6)
  An adder skeleton (D:5)
  6 worms
  3 dart slugs
  5 leopard geckos
  56 orcs
  7 bats
  5 giant cockroaches
  14 goblins
  7 hobgoblins
  24 jackals
  4 quokkas
  8 frilled lizards
  3 goblin zombies (D:7)
  4 hobgoblin zombies (D:7)
  8 kobolds
  A kobold skeleton (D:7)
  A kobold zombie (D:7)
  A leopard gecko skeleton (D:6)
  3 orc skeletons (D:7)
  An orc zombie (D:7)
  A quokka skeleton (D:6)
  11 rats
532 creatures vanquished.

Vanquished Creatures (others)
  2 fungi (Lair:5)
2 creatures vanquished.

Grand Total: 534 creatures vanquished

Notes
Turn   | Place    | Note
-------+----------+-------------------------------------------
     0 | D:1      | Infinimo the Minotaur Berserker began the quest for the
                  | Orb.
     0 | D:1      | Reached XP level 1. HP: 19/19 MP: 0/0
   154 | D:1      | Reached skill level 4 in Maces & Flails
   154 | D:1      | Reached XP level 2. HP: 27/27 MP: 1/1
   544 | D:2      | Reached ** piety under Trog
   549 | D:2      | Reached XP level 3. HP: 33/33 MP: 2/2
   880 | D:2      | Reached skill level 5 in Maces & Flails
   880 | D:2      | Reached XP level 4. HP: 39/40 MP: 3/3
  1302 | D:3      | Noticed Grinder
  1308 | D:3      | Paralysed by Grinder for 6 turns
  1318 | D:3      | Killed Grinder
  1318 | D:3      | Reached skill level 5 in Fighting
  1318 | D:3      | Reached skill level 6 in Maces & Flails
  1318 | D:3      | Reached XP level 5. HP: 17/48 MP: 4/4
  1318 | D:3      | Reached XP level 6. HP: 19/56 MP: 5/5
  1571 | D:3      | Reached *** piety under Trog
  2187 | D:4      | Reached skill level 7 in Maces & Flails
  2192 | D:4      | Noticed Robin
  2210 | D:4      | Killed Robin
  2212 | D:4      | Reached skill level 5 in Armour
  2212 | D:4      | Reached XP level 7. HP: 62/62 MP: 6/6
  2419 | D:4      | You fall through a shaft for 3 floors!
  2424 | D:7      | Noticed a hornet
  2430 | D:7      | Killed a hornet
  2430 | D:7      | Reached skill level 8 in Maces & Flails
  2493 | D:6      | Found Teluemeg's Weapon Emporium.
  2575 | D:6      | Reached **** piety under Trog
  2587 | D:6      | Noticed Edmund
  2611 | D:6      | Killed Edmund
  2611 | D:6      | Reached XP level 8. HP: 5/71 MP: 7/7
  2788 | D:6      | Reached skill level 9 in Maces & Flails
  3236 | D:5      | Entered Level 5 of the Dungeon
  3428 | D:4      | Noticed Dowan
  3429 | D:4      | Noticed Duvessa
  3437 | D:4      | Killed Dowan
  3446 | D:4      | Killed Duvessa
  3757 | D:4      | Reached skill level 10 in Maces & Flails
  4967 | D:4      | Reached XP level 9. HP: 81/81 MP: 8/8
  4973 | D:4      | Reached ***** piety under Trog
  5313 | D:4      | Found a runed translucent door.
  5314 | D:4      | Noticed Crazy Yiuf
  5320 | D:4      | Killed Crazy Yiuf
  5449 | D:4      | Got a transparent cloak
  5460 | D:4      | Identified the +1 cloak "Hinkosal" {rElec rC++ Int+5} (You
                  | found it on level 4 of the Dungeon)
  5568 | D:5      | Reached skill level 11 in Maces & Flails
  5850 | D:5      | Noticed Menkaure
  5859 | D:5      | Killed Menkaure
  7051 | D:7      | Got a pitted buckler
  7071 | D:7      | Reached skill level 1 in Shields
  7102 | D:7      | Identified the +0 buckler "Okkeam" {rCorr Dex-5 SInv} (You
                  | found it on level 7 of the Dungeon)
  7132 | D:7      | Found a glowing golden altar of the Shining One.
  7356 | D:7      | Found an ancient bone altar of Kikubaaqudgha.
  7442 | D:7      | Received a gift from Trog
  7562 | D:7      | Found a staircase to the Ecumenical Temple.
  7598 | D:7      | Reached skill level 12 in Maces & Flails
  7875 | D:8      | Reached XP level 10. HP: 66/91 MP: 9/9
  8043 | D:8      | You fall through a shaft for 2 floors!
  8043 | D:10     | Entered Level 10 of the Dungeon
  8097 | D:10     | Found a staircase to the Orcish Mines.
  8118 | D:10     | Found a roughly hewn altar of Beogh.
  8346 | D:10     | Reached skill level 13 in Maces & Flails
  8757 | D:10     | Reached skill level 10 in Fighting
  8759 | D:10     | Reached skill level 5 in Shields
  8792 | D:10     | Found a staircase to the Lair.
  9005 | D:10     | Noticed an unseen horror
  9017 | D:10     | Killed an unseen horror
  9017 | D:10     | Reached skill level 10 in Armour
  9110 | D:10     | Reached XP level 11. HP: 101/101 MP: 10/10
  9231 | D:10     | Noticed a two-headed hydra
  9236 | D:10     | Killed a two-headed hydra
  9236 | D:10     | Reached skill level 14 in Maces & Flails
  9356 | D:10     | Found Postracko's Antique Weapon Shop.
  9508 | D:10     | Identified the +0 fustibalus of the Original Sin {flame,
                  | rPois Dex+4}
  9744 | D:11     | Received a gift from Trog
 10091 | D:11     | Found a blossoming altar of Fedhas.
 10173 | D:11     | Noticed a cyan ugly thing
 10191 | D:11     | Killed a cyan ugly thing
 10191 | D:11     | Reached ****** piety under Trog
 10361 | D:12     | Noticed Fannar
 10370 | D:12     | Killed Fannar
 10716 | D:12     | Noticed a two-headed ogre
 10722 | D:12     | Killed a two-headed ogre
 10722 | D:12     | Reached skill level 15 in Maces & Flails
 11058 | D:13     | Found Qutriary's Jewellery Emporium.
 11058 | D:13     | Noticed a two-headed ogre
 11068 | D:13     | Killed a two-headed ogre
 11070 | D:13     | Received a gift from Trog
 11094 | D:13     | Bought the ring of Xadov {rCorr rElec rF+ Str+6} for 696
                  | gold pieces
 11191 | D:13     | Reached XP level 12. HP: 104/110 MP: 11/11
 11223 | D:13     | Noticed a vault guard
 11223 | D:13     | Noticed a vault guard
 11224 | D:13     | Noticed a vault guard
 11224 | D:13     | Noticed a vault guard
 11224 | D:13     | Noticed a vault guard
 11224 | D:13     | Noticed a vault guard
 11225 | D:13     | Found the +0 sword of Power
 11227 | D:13     | Noticed a vault guard
 11237 | D:13     | Killed a vault guard
 11245 | D:13     | Killed a vault guard
 11245 | D:13     | Noticed a crystal guardian
 11253 | D:13     | Killed a vault guard
 11259 | D:13     | Killed a vault guard
 11263 | D:13     | Noticed a vault guard
 11269 | D:13     | Noticed a deep troll earth mage
 11665 | D:13     | Killed a deep troll earth mage
 11740 | D:13     | Killed a vault guard
 11817 | D:13     | Reached skill level 16 in Maces & Flails
 11992 | D:13     | Killed a vault guard
 12091 | Lair:1   | Entered Level 1 of the Lair of Beasts
 12147 | Lair:1   | You fall through a shaft!
 12650 | Lair:2   | Noticed a queen ant
 12671 | Lair:2   | Killed a queen ant
 12671 | Lair:2   | Reached XP level 13. HP: 81/119 MP: 12/12
 13702 | Lair:2   | Found a hole to the Spider Nest.
 13746 | Lair:2   | Received a gift from Trog
 13761 | Lair:2   | Reached skill level 10 in Shields
 13781 | Lair:2   | Reached skill level 17 in Maces & Flails
 14493 | Lair:3   | Found a staircase to the Shoals.
 17156 | Lair:5   | Identified the cursed +3 spear of Hell's Wrath {vamp,
                  | Stlth+}
 17157 | Lair:5   | Identified the cursed +0 lajatang of the Blowfly {venom,
                  | Dex+4}
 17157 | Lair:5   | Noticed Mumum's ghost (journeyman DrFE)
 17157 | Lair:5   | Identified the +2 spear of Jidd {holy, rN+}
 17162 | Lair:5   | Found a bloodstained altar of Trog.
 17293 | Lair:4   | Reached skill level 18 in Maces & Flails
 17862 | Lair:5   | Found a transporter.
 17865 | Lair:5   | Identified the amulet of Maemetsu {Spirit rC+}
 17866 | Lair:5   | Found a transporter.
 18233 | Lair:5   | Killed Mumum's ghost
 18233 | Lair:5   | Reached XP level 14. HP: 130/130 MP: 13/13
 18672 | Lair:5   | HP: 2/130 [spriggan rider/the cursed +3 spear of Hell's
                  | Wrath {vamp, Stlth+} (15)]
 18674 | Lair:5   | Mangled by a spriggan rider

Skill      XL: |  1  2  3  4  5  6  7  8  9 10 11 12 13 |
---------------+----------------------------------------+-----
Maces & Flails | 4 5 6 7 8 10 12 13 15 16 18 | 18.2
Fighting       | 4 5 6 7 9 10 11 12 13 | 13.7
Armour         | 3 4 5 6 7 8 10 11 12 13 | 13.5
Shields        | 3 5 7 9 11 | 11.3
Dodging        | |  2.1

Action                   |  1- 3 |  4- 6 |  7- 9 | 10-12 | 13-15 || total
-------------------------+-------+-------+-------+-------+-------++-------
Melee: Mace              |    58 |    79 |    63 |       |       ||   200
       Headbutt          |     7 |    11 |    77 |   109 |    74 ||   278
       Dire flail        |       |       |    92 |       |       ||    92
       Whip              |       |       |   287 |   265 |       ||   552
       Morningstar       |       |       |       |   333 |   409 ||   742
Invok: Berserk           |     1 |     3 |    12 |    15 |     7 ||    38
  Use: Scroll            |       |     6 |    10 |       |    10 ||    26
       Potion            |       |       |       |       |     4 ||     4
  Eat: Chunk             |     1 |     6 |    22 |    27 |    20 ||    76
       Ration            |       |       |     2 |     1 |     2 ||     5
Armor: Animal skin       |    16 |    14 |    37 |       |       ||    67
       Chain mail        |       |       |    40 |   261 |   222 ||   523
Dodge: Dodged            |    40 |    53 |   161 |   162 |   128 ||   544
Block: Shield            |       |       |    10 |       |       ||    10
       Buckler           |       |       |     8 |    74 |    77 ||   159
